 Dungeon Crawl Stone Soup version 0.25-a0-766-g0ecfff5982 (webtiles) character file.

Game seed: 12251577758244088781, levelgen mode: deterministic

172418 Lugonue the Blocker (level 17, -1/106 HPs)
             Began as a Tengu Gladiator on Apr 10, 2020.
             Was a High Priest of Elyvilon.
             Killed by divine providence
             ... invoked by a smoke demon
              (12 damage)
             ... on level 4 of the Abyss on Apr 13, 2020.
             The game lasted 02:27:36 (34263 turns).

Lugonue the Blocker (Tengu Gladiator)              Turns: 34263, Time: 02:27:38

Health: -1/106     AC: 16    Str: 17    XL:     17   Next: 74%
Magic:  1/38       EV: 25    Int: 14    God:    Elyvilon [*****.]
Gold:   1380       SH: 13    Dex: 17    Spells: 14/36 levels left

rFire    . . .     SeeInvis .   x - +0 scimitar (freeze)
rCold    . . .     Gourm    .   e - +0 kite shield
rNeg     . . .     Faith    .   r - +2 robe of Vines {NoPotionHeal Regen+7}
rPois    .         Spirit   .   q - +1 hat {MR+}
rElec    .         Reflect  .   l - +0 cloak {MR+}
rCorr    .         Harm     .   K - +2 pair of gloves
MR       +++..                  (boots unavailable)
Stlth    +++.......             g - amulet of magic regeneration
HPRegen  0.00/turn              T - +6 ring of protection
MPRegen  0.51/turn              P - ring of wizardry

@: about to teleport, flying quickly and evasively, quick
A: beak, talons 3, thin skeletal structure 1, high mp 2, [screaming 2],
[inhibited regeneration], evolution 1, able to fly
}: 1/15 runes: decaying
a: Stop Flying, Lesser Healing, Heal Other, Purification, Greater Healing,
Divine Vigour, Divine Protection, Renounce Religion


You were on level 4 of the Abyss.
You worshipped Elyvilon.
Elyvilon was extremely pleased with you.
You were full.

You visited 6 branches of the dungeon, and saw 30 of its levels.
You visited the Abyss 1 time.
You also visited: Gauntlet and Ice Cave.

You collected 2702 gold pieces.
You spent 1322 gold pieces at shops.

Inventory:

Hand Weapons
 a - a +0 scimitar of venom
 b - a +4 scimitar of flaming
 x - a +0 scimitar of freezing (weapon)
Missiles
 y - 24 javelins (quivered)
 A - 60 boomerangs
Armour
 e - a +0 kite shield (worn)
 l - a +0 cloak of magic resistance (worn)
 q - a +1 hat of magic resistance (worn)
 r - the +2 robe of Vines (worn) {NoPotionHeal Regen+7}
   (You found it on level 14 of the Dungeon)

   It increases your rate of regeneration.
 K - a +2 pair of gloves (worn)
Jewellery
 d - an uncursed amulet of the gourmand {unknown}
 g - an amulet of magic regeneration (around neck)
 v - an uncursed ring of poison resistance
 P - a ring of wizardry (right hand)
 T - a +6 ring of protection (left hand)
Wands
 o - a wand of digging (11)
 p - a wand of acid (2)
 w - a wand of polymorph (33)
 z - a wand of flame (26)
 C - a wand of scattershot (10)
 N - a wand of iceblast (16)
 Q - a wand of paralysis (10)
Scrolls
 c - a scroll of enchant armour
 m - 3 scrolls of teleportation
 n - 15 scrolls of remove curse
 S - a scroll of magic mapping
Potions
 h - 4 potions of brilliance
 k - a potion of magic
 s - 3 potions of ambrosia
 u - 3 potions of heal wounds
 D - a potion of cancellation
 G - 3 potions of stabbing
 J - 3 potions of curing
 O - a potion of resistance
Miscellaneous
 M - 2 tins of tremorstones
Comestibles
 f - 22 rations


   Skills:
 - Level 11.7 Fighting
 - Level 14.0 Long Blades
 - Level 7.0 Throwing
 - Level 9.0 Armour
 + Level 12.2 Dodging
 - Level 3.2 Stealth
 + Level 14.2 Shields
 - Level 10.0 Spellcasting
 - Level 11.3 Conjurations
 - Level 7.1 Fire Magic
 - Level 7.0 Air Magic
 - Level 1.2 Earth Magic
 - Level 2.0 Invocations
 - Level 2.3 Evocations


You had 14 spell levels left.
You knew the following spells:

 Your Spells              Type           Power        Failure   Level  Hunger
a - Foxfire               Conj/Fire      ####         1%          1    None
b - Stone Arrow           Conj/Erth      ###...       1%          3    #......
c - Fireball              Conj/Fire      ####......   2%          5    #####..
d - Sticky Flame          Conj/Fire      ####....     1%          4    ###....
e - Lightning Bolt        Conj/Air       ####......   2%          5    #####..
f - Airstrike             Air            ####......   2%          4    ###....

Your spell library contained the following spells:

 Spells                   Type           Power        Failure   Level  Hunger
 Shock                    Conj/Air       ####         1%          1    None
 Swiftness                Chrm/Air       ###.....     1%          2    None
 Conjure Flame            Conj/Fire      ####....     1%          3    #......
 Static Discharge         Conj/Air       ####....     1%          3    #......
 Sandblast                Erth           ##....       2%          1    None
 Inner Flame              Hex/Fire       ###.....     3%          3    #......
 Freeze                   Ice            #...         4%          1    None
 Hailstorm                Conj/Ice       ###.....     4%          4    ###....
 Passwall                 Tmut/Erth      #.......     5%          2    None
 Frozen Ramparts          Ice            #.....       13%         3    #......
 Ozocubu's Armour         Chrm/Ice       #.......     13%         3    #......
 Petrify                  Tmut/Erth      #.......     32%         4    ###....
 Summon Ice Beast         Ice/Summ       #.......     38%         4    ###....
 Lee's Rapid Deconstruct  Erth           ##........   56%         5    #####..


Dungeon Overview and Level Annotations

Branches:
Dungeon (15/15)            Temple (1/1) D:6            Lair (6/6) D:9
  Swamp (4/4) Lair:2       Spider (0/4) Lair:4        Slime (0/5) Lair:6
    Orc (2/2) D:12            Elf (2/3) Orc:2        Vaults (0/5) D:14
 Depths (0/5) D:15          IceCv (visited)         Gauntlet (visited)

Altars:
Ashenzari
Elyvilon
Fedhas
Hepliaklqana
Makhleb
Nemelex Xobeh
Ru
Sif Muna
Trog
Xom
Yredelemnul
Zin
Beogh

Shops:
D:5 (   D:13 *   Orc:2 [=[}   Elf:1 (

Annotations:
D:5 2 transporters, Yehuk's ghost, novice GrFi
Lair:1 exclusion: oklob plant
Lair:3 exclusion: 4 oklob plants
Lair:4 exclusion: oklob plant
Lair:5 3 runed translucent doors, Ezab's ghost, journeyman MiFi
Swamp:3 Roxanne
Swamp:4 Lernaean hydra
Elf:1 1 runed translucent door, Dicoal's ghost, adept HaCK
Elf:2 3 runed translucent doors


Innate Abilities, Weirdness & Mutations

You have a beak for a mouth.
You have claws for feet.
You can fly continuously.
You have a somewhat thin skeletal structure. (Dex +2, Stealth)
You have a considerably increased reservoir of magic. (+20% MP)
You evolve.
[You sometimes yell uncontrollably at your foes.]
[You do not regenerate when monsters are visible.]


Message History

The living lightning misses you. x2; The raiju blinks! x2
The smoke demon misses you. You block the smoke demon's attack.
The smoke demon misses you. The raiju bites you but does no damage.
A smoke demon comes into view.
You are healed.
You feel somewhat less full.
You are engulfed in a cloud of scalding steam.
The raiju completely misses you. The smoke demon hits you.
* * * LOW HITPOINT WARNING * * *
You block the smoke demon's attack.
The smoke demon hits you but does no damage.
The raiju barely misses you.
You have no ailments to cure.
Okay, then.
The smoke demon hits you but does no damage.
The smoke demon barely misses you.
The smoke demon hits you but does no damage.
You block the raiju's attack. The smoke demon gestures at you.
Something smites you!
You die...

#≈≈# ##
.# .
.##..##.#
. . ..
°v...)
≈≈# ## .
#≈
....##.
##. ♣#
#..#..#
..# v .
#.#≈≈##(
# . ≈ #
#..#3.h#
≈ ..
#v###h§#
# . .. #
#).3@# .
#.#.## .
# ## . #
. . .


You could see 2 smoke demons and 2 raiju.

Vanquished Creatures
  Gastronok (D:10)
  5 thorn hunters
  An orc warlord (Orc:2)
  A deep elf sorcerer (Elf:1)
  A deep elf annihilator (Elf:1)
  A minotaur (Gauntlet)
  Snorg (D:12)
  A deep elf death mage (Elf:1)
  A fire dragon (Lair:6)
  19 hydras
  4 vault guards (D:14)
  A shambling mangrove (Swamp:4)
  Erica (Lair:1)
  3 centaur warriors
  3 ghost crabs
  3 dancing weapons (Elf:2)
  5 two-headed ogres
  5 alligators
  2 tengu warriors (D:15)
  Urug (D:10)
  An orc high priest (D:12)
  A vampire mage (D:14)
  2 large abominations (Abyss:4)
  5 deep elf knights
  A wretched star (Abyss:4)
  2 skeletal warriors (D:15)
  A spatial maelstrom (Abyss:4)
  7 swamp dragons
  An unseen horror (D:13)
  3 spriggan druids
  A glowing orange brain (Gauntlet)
  8 deep elf archers
  2 lindwurms
  10 orc knights
  3 wizards
  A necromancer (D:15)
  30 deep elf magi
  3 orc sorcerers
  3 cyclopes
  8 ugly things
  3 manticores
  A guardian serpent (D:13)
  A frost giant skeleton (D:15)
  5 elephants
  A torpor snail (Lair:6)
  5 black mambas
  4 smoke demons (Abyss:4)
  22 spiny frogs
  5 molten gargoyles
  4 yaktaurs (D:15)
  4 efreet (Abyss:4)
  9 komodo dragons
  A kobold demonologist (D:12)
  3 rime drakes
  4 trolls
  A hellwing (Abyss:4)
  3 jumping spiders (Lair:4)
  7 hornets
  9 tyrant leeches
  2 queen bees
  A troll (shapeshifter) (D:13)
  A polar bear (Lair:2)
  19 hippogriffs
  Grinder (D:5)
  12 bog bodies
  A raiju (Gauntlet)
  8 dream sheep
  A fire dragon zombie (D:15)
  6 blink frogs
  A meliai zombie (D:14)
  3 redbacks (Lair:4)
  5 spriggans
  Sigmund (D:5)
  9 shadows
  A wraith (D:15)
  A vampire (D:10)
  A water elemental (Elf:1)
  3 air elementals
  Eustachio (D:4)
  4 steam dragons
  27 yaks
  14 basilisks
  2 fire elementals (Elf:1)
  10 wyverns
  Grum (D:10)
  5 hungry ghosts
  22 vampire mosquitoes
  Menkaure (D:4)
  12 swamp worms
  A two-headed ogre zombie (D:12)
  Edmund (D:5)
  4 insubstantial wisps (Swamp:3)
  5 wargs (Orc:2)
  4 hell hounds
  2 soldier ants
  2 acid dragons (D:13)
  11 water moccasins
  11 porcupines
  6 sky beasts
  47 orc warriors
  A black bear (D:7)
  11 swamp drakes
  2 ice beasts
  5 ogres
  4 phantoms
  A boggart (Elf:1)
  8 centaurs
  14 wolves
  11 crocodiles
  7 big kobolds
  14 bullfrogs
  A wyvern zombie (D:13)
  2 yaktaur skeletons (D:15)
  2 wyvern skeletons
  5 scorpions
  A troll zombie (D:12)
  3 electric eels
  26 killer bees
  5 wights
  5 howler monkeys
  A bullfrog zombie (D:12)
  2 centaur zombies
  9 crimson imps
  6 lava snakes
  12 orc priests
  7 hounds
  3 jellies
  A bullfrog skeleton (D:5)
  3 centaur skeletons
  17 worker ants
  6 iguanas
  17 orc wizards
  Ijyb (D:3)
  6 ogre zombies (D:12)
  3 hound zombies
  A howler monkey zombie (D:5)
  Robin (D:2)
  18 gnolls
  A howler monkey skeleton (D:6)
  8 adders
  5 shadow imps
  2 oozes
  2 adder skeletons
  An adder zombie (D:5)
  4 worms
  A dart slug (D:3)
  3 leopard geckos
  107 orcs
  A ball python (D:2)
  5 giant cockroaches
  6 hobgoblins
  27 jackals
  4 quokkas
  7 bats
  A frilled lizard (D:4)
  12 goblins
  A goblin skeleton (D:12)
  A goblin zombie (D:12)
  A hobgoblin skeleton (D:12)
  A hobgoblin zombie (D:12)
  A jackal skeleton (D:5)
  A jackal zombie (D:8)
  26 kobolds
  3 orc skeletons (D:12)
  18 orc zombies (D:12)
  A quokka zombie (D:8)
  6 rats
  9 briar patches (Swamp:4)
1023 creatures vanquished.

Vanquished Creatures (collateral kills)
  2 hippogriffs (Lair:4)
  A basilisk (Lair:4)
  An orc warrior (D:9)
  An orc priest (D:9)
5 creatures vanquished.

Vanquished Creatures (others)
  A dancing weapon (Elf:2)
  A molten gargoyle (D:14)
  A blink frog (Swamp:3)
  A shadow (D:15)
  A swamp drake (Swamp:4)
  A briar patch (Swamp:4)
  A bush (Lair:6)
  376 foxfires
  29 fungi
  18 plants
  14 withered plants (Gauntlet)
444 creatures vanquished.

Grand Total: 1472 creatures vanquished

Notes
Turn   | Place    | Note
-------+----------+-------------------------------------------
     0 | D:1      | Lugonue the Tengu Gladiator began the quest for the Orb.
     0 | D:1      | Reached XP level 1. HP: 12/12 MP: 2/2
   150 | D:1      | Reached XP level 2. HP: 17/17 MP: 3/3
   654 | D:2      | Noticed Robin
   666 | D:2      | Reached XP level 3. HP: 21/21 MP: 4/4
   672 | D:2      | Killed Robin
   734 | D:2      | Found a faded altar of an unknown god.
   740 | D:2      | Became a worshipper of Elyvilon the Healer
   740 | D:2      | Reached * piety under Elyvilon
   858 | D:2      | Found a blossoming altar of Fedhas.
  1115 | D:2      | Reached ** piety under Elyvilon
  1450 | D:3      | Reached XP level 4. HP: 22/26 MP: 5/5
  1503 | D:3      | Reached skill level 1 in Armour
  1506 | D:3      | Reached skill level 5 in Long Blades
  1506 | D:3      | Gained mutation: You can fly continuously. [Tengu growth]
  1506 | D:3      | Reached XP level 5. HP: 19/31 MP: 6/6
  1881 | D:3      | Noticed Ijyb
  1906 | D:3      | Killed Ijyb
  2000 | D:3      | Reached XP level 6. HP: 29/36 MP: 7/7
  2262 | D:4      | Reached *** piety under Elyvilon
  2283 | D:4      | Noticed a phantom
  2305 | D:4      | Killed a phantom
  2305 | D:4      | Reached skill level 1 in Stealth
  2480 | D:4      | Noticed Menkaure
  2487 | D:4      | Killed Menkaure
  2487 | D:4      | Reached XP level 7. HP: 12/42 MP: 8/8
  2775 | D:4      | Noticed Eustachio
  2791 | D:4      | Killed Eustachio
  3235 | D:5      | Entered Level 5 of the Dungeon
  3264 | D:5      | Found Atiar's Weapon Shoppe.
  3317 | D:5      | Noticed Grinder
  3346 | D:5      | Reached **** piety under Elyvilon
  3363 | D:5      | Reached XP level 8. HP: 35/48 MP: 6/9
  3449 | D:5      | Killed Grinder
  3449 | D:5      | Reached skill level 5 in Fighting
  3473 | D:5      | Noticed Sigmund
  3689 | D:5      | Found a transporter.
  3693 | D:5      | Found a transporter.
  3694 | D:5      | Noticed Yehuk's ghost (novice GrFi)
  3877 | D:5      | Killed Sigmund
  4051 | D:5      | Noticed Edmund
  4069 | D:5      | Killed Edmund
  4358 | D:6      | Found a staircase to the Ecumenical Temple.
  4376 | D:6      | Reached XP level 9. HP: 46/55 MP: 7/10
  4390 | D:6      | Reached skill level 5 in Dodging
  4886 | D:6      | Found a glowing silver altar of Zin.
  4888 | D:6      | Reached ***** piety under Elyvilon
  5615 | D:7      | Learned a level 3 spell: Stone Arrow
  5773 | D:6      | Learned a level 1 spell: Sandblast
  5793 | Temple   | Entered the Ecumenical Temple
  6065 | D:7      | Found the +12 glaive of Prune {vorpal}
  6115 | D:7      | Reached skill level 5 in Armour
  6279 | D:7      | Reached skill level 1 in Earth Magic
  6414 | D:7      | Reached XP level 10. HP: 50/63 MP: 8/11
  6840 | D:8      | Found a bloodstained altar of Trog.
  6841 | D:8      | Found a shattered altar of Ashenzari.
  6870 | D:8      | Reached skill level 1 in Spellcasting
  7067 | D:8      | Reached skill level 10 in Long Blades
  7696 | D:8      | Found a sacrificial altar of Ru.
  7696 | D:8      | Found a hazy altar of Hepliaklqana.
  7952 | D:9      | Found a staircase to the Lair.
  8136 | D:9      | Found a sparkling altar of Nemelex Xobeh.
  8188 | D:9      | Found a basalt altar of Yredelemnul.
  8300 | D:9      | Reached ****** piety under Elyvilon
  8397 | D:9      | Found a shimmering altar of Xom.
  8595 | D:9      | Found a burning altar of Makhleb.
  8646 | D:9      | Reached skill level 1 in Conjurations
  8666 | D:9      | Found a white marble altar of Elyvilon.
  8796 | D:9      | Reached skill level 5 in Throwing
  8938 | D:10     | Entered Level 10 of the Dungeon
  9042 | D:10     | Reached XP level 11. HP: 64/68 MP: 14/14
  9346 | D:10     | Noticed Gastronok
  9384 | D:10     | Killed Gastronok
  9384 | D:10     | Reached skill level 5 in Conjurations
  9384 | D:10     | Reached skill level 1 in Invocations
  9448 | D:10     | Noticed Grum
  9786 | D:10     | Noticed Urug
  9886 | Lair:1   | Entered Level 1 of the Lair of Beasts
 10472 | Lair:1   | Reached skill level 1 in Evocations
 10613 | Lair:1   | Noticed Erica
 10657 | Lair:1   | Killed Erica
 10673 | Lair:1   | Reached XP level 12. HP: 23/76 MP: 8/16
 11944 | Lair:2   | Reached skill level 10 in Fighting
 11985 | Lair:2   | Found a staircase to the Swamp.
 13904 | Lair:4   | Found a hole to the Spider Nest.
 13938 | Lair:4   | Found a shimmering blue altar of Sif Muna.
 13984 | Lair:4   | Noticed a five-headed hydra
 14496 | Lair:4   | Reached skill level 1 in Shields
 14543 | Lair:4   | Reached XP level 13. HP: 31/83 MP: 4/18
 15643 | Lair:4   | Reached skill level 10 in Conjurations
 15688 | Lair:5   | Found a runed translucent gate.
 15688 | Lair:5   | Found a runed translucent gate.
 15688 | Lair:5   | Found a runed translucent gate.
 15697 | Lair:5   | Noticed Ezab's ghost (journeyman MiFi)
 16253 | Lair:5   | Learned a level 1 spell: Foxfire
 16259 | Lair:5   | Learned a level 5 spell: Fireball
 16264 | Lair:5   | Learned a level 4 spell: Sticky Flame
 16754 | Lair:6   | Entered Level 6 of the Lair of Beasts
 16933 | Lair:6   | Found a staircase to the Slime Pits.
 17285 | Lair:6   | Reached skill level 1 in Fire Magic
 17448 | Lair:6   | Reached XP level 14. HP: 41/90 MP: 17/21
 18629 | D:10     | Killed Urug
 18650 | D:10     | Killed Grum
 18944 | D:11     | Found a gate leading to a gauntlet.
 18952 | Gauntlet | Entered a Gauntlet
 18952 | Gauntlet | Found a transporter.
 18952 | Gauntlet | Found a transporter.
 18952 | Gauntlet | Found a transporter.
 18964 | Gauntlet | Found a transporter.
 18965 | Gauntlet | Gained mutation: You evolve. [potion of mutation]
 18965 | Gauntlet | Gained mutation: You have an increased reservoir of magic.
                  | (+10% MP) [potion of mutation]
 18965 | Gauntlet | Gained mutation: You have a somewhat thin skeletal
                  | structure. (Dex +2, Stealth) [potion of mutation]
 19002 | Gauntlet | Found a transporter.
 19003 | Gauntlet | Found a transporter.
 19064 | Gauntlet | Found a transporter.
 19067 | Gauntlet | Found a transporter.
 19080 | Gauntlet | Found a transporter.
 19082 | Gauntlet | Found a transporter.
 19091 | Gauntlet | Found a transporter.
 19108 | Gauntlet | Noticed a reaper
 19109 | Gauntlet | Found a transporter.
 19453 | Gauntlet | Got a distressingly furry leather armour
 19466 | Gauntlet | Identified the +2 leather armour of Privacy {rCorr Slay+4}
                  | (You found it in a Gauntlet)
 19802 | D:9      | Learned a level 5 spell: Lightning Bolt
 19960 | Lair:6   | Found a large runed translucent door.
 19960 | Lair:6   | Found a large runed translucent door.
 21267 | D:11     | Gained mutation: You have a considerably increased
                  | reservoir of magic. (+20% MP) [evolution]
 21731 | D:12     | Reached skill level 10 in Dodging
 21824 | D:12     | Found a staircase to the Orcish Mines.
 21910 | D:12     | Reached skill level 1 in Air Magic
 22064 | D:12     | Found a frozen archway.
 22075 | IceCv    | Entered an ice cave
 22368 | D:12     | Learned a level 4 spell: Airstrike
 22479 | Orc:1    | Entered Level 1 of the Orcish Mines
 22492 | Orc:1    | Reached skill level 5 in Fire Magic
 22522 | Orc:1    | Noticed Snorg
 22540 | D:12     | Killed Snorg
 22741 | D:9      | Upgraded the game from 0.25-a0-734-g73332aeda9 to
                  | 0.25-a0-766-g0ecfff5982
 22836 | Swamp:1  | Entered Level 1 of the Swamp
 22840 | Swamp:1  | Noticed a thorn hunter
 23306 | Orc:2    | Entered Level 2 of the Orcish Mines
 23746 | Orc:2    | Reached skill level 5 in Air Magic
 23907 | Orc:2    | Found a staircase to the Elven Halls.
 24217 | Orc:2    | Reached XP level 15. HP: 82/96 MP: 27/27
 24245 | Orc:2    | Reached skill level 5 in Spellcasting
 24564 | Orc:2    | Found Anow's Antique Armour Emporium.
 24564 | Orc:2    | Found Appymab's Jewellery Shop.
 24572 | Orc:2    | Bought a kite shield for 121 gold pieces
 24581 | Orc:2    | Bought an uncursed amulet of magic regeneration for 480
                  | gold pieces
 24747 | Orc:2    | Found a roughly hewn altar of Beogh.
 24778 | Orc:2    | Found Ikyxuil's Gadget Shop.
 24778 | Orc:2    | Found Wofaonuc's Antique Armour Emporium.
 24785 | Orc:2    | Bought a glowing cloak for 150 gold pieces
 24794 | Orc:2    | Bought a wand of digging (4) for 192 gold pieces
 24794 | Orc:2    | Bought a wand of acid (7) for 264 gold pieces
 24823 | Orc:2    | Noticed an orc warlord
 24840 | Orc:2    | Killed an orc warlord
 25553 | D:13     | Found Wahaeg's General Store.
 25557 | D:13     | Bought a scroll of enchant weapon for 82 gold pieces
 25557 | D:13     | Bought a scroll of teleportation for 33 gold pieces
 26957 | D:14     | Found the +2 robe of Vines {NoPotionHeal Regen+7}
 27116 | D:14     | Found a gate to the Vaults.
 27797 | D:15     | Entered Level 15 of the Dungeon
 27798 | D:15     | Found a staircase to the Depths.
 27921 | D:15     | Reached skill level 10 in Spellcasting
 28422 | D:15     | Reached skill level 5 in Shields
 29087 | Swamp:1  | Killed a thorn hunter
 29087 | Swamp:1  | Reached XP level 16. HP: 85/101 MP: 27/37
 29696 | Swamp:2  | Noticed a thorn hunter
 29710 | Swamp:2  | Killed a thorn hunter
 30499 | Swamp:3  | Reached skill level 10 in Shields
 30521 | Swamp:3  | Identified Roxanne's Catalogue of Earth
 30521 | Swamp:3  | Noticed Roxanne
 30555 | Swamp:4  | Entered Level 4 of the Swamp
 30740 | Swamp:3  | Noticed a thorn hunter
 30757 | Swamp:3  | Killed a thorn hunter
 31320 | Swamp:4  | Noticed the 27-headed Lernaean hydra
 31511 | Swamp:4  | Noticed a thorn hunter
 31528 | Swamp:4  | Killed a thorn hunter
 31610 | Swamp:4  | Noticed a thorn hunter
 31630 | Swamp:4  | Killed a thorn hunter
 31746 | Swamp:4  | Reached XP level 17. HP: 106/106 MP: 33/38
 32218 | Swamp:4  | Got a decaying rune of Zot
 32648 | Elf:1    | Entered Level 1 of the Elven Halls
 32917 | Elf:1    | Found Pesuroen's Antique Weapon Emporium.
 33547 | Elf:1    | Found a runed translucent door.
 33548 | Elf:1    | Found a shimmering altar of Xom.
 33548 | Elf:1    | Noticed Dicoal's ghost (adept HaCK)
 33713 | Elf:2    | Found a runed translucent gate.
 33713 | Elf:2    | Found a runed translucent gate.
 33715 | Elf:2    | Found a runed translucent gate.
 33888 | Elf:2    | Found a shimmering blue altar of Sif Muna.
 34039 | Elf:2    | Cast into level 4 of the Abyss (+2 battleaxe of distortion)
 34263 | Abyss:4  | Killed from afar by a smoke demon

Levels and vault maps discovered:
D:1:      heliophobic_arrival_enchanted_forest, layout_loops_cross
D:2:      layout_basic, old_standard_altar, chequers_ecumenical_altar_simple,
          minmay_hedge_maze, uniq_robin
D:3:      layout_rooms, uniq_ijyb
D:4:      layout_loops_ring, minmay_misc_feat_nine_boxes, uniq_menkaure,
          uniq_eustachio
D:5:      layout_cave_pools, serial_shops, shop, first_ration,
          gammafunk_ghost_hive, minmay_liquid_box, uniq_edmund, uniq_grinder,
          uniq_sigmund
D:6:      layout_basic, overflow_temple_1_default,
          minmay_temple_entry_butterflies
D:7:      minmay_recursive_quarters, layout_cave_pods
D:8:      layout_basic, gammafunk_temple_overflow_statue,
          chequers_temple_overflow_statue_of_worship, david_nohive_1
D:9:      layout_roguey [special_room_orc],
          grunt_temple_overflow_champion_of_chaos, kennysheep_ying_yang,
          nemelex_altar_shiori, lair_entry_dummy
D:10:     layout_rooms, uniq_gastronok, uniq_urug, uniq_grum
D:11:     layout_irregular_city, gauntlet_entry_generic
D:12:     layout_cave_pools, zombieorc2_lemuel, portal_ice_cave_entry_pillars_1,
          nicolae_looking_at_the_future
D:13:     layout_basic, serial_shops, nicolae_shop_waterfront,
          fake_guardian_serpent_vault
D:14:     layout_basic, lightli_vaults_fourway_checkpoint,
          minmay_misc_feat_roman, minivault_8
D:15:     gammafunk_depths_entry_grave, layout_small_grid
Temple:   minmay_temple_curvy_loop
Lair:1:   layout_hall_layers, minmay_lair_oklob_items,
          infiniplex_staircase_pool_2, grunt_megastairs_2, uniq_erica
Lair:2:   layout_regular_city, swamp_mist_pool, hangedman_lair_generics_rect
Lair:3:   layout_big_grid, minivault_27, beast_lair_carwin_7,
          minmay_lair_oklob_chamber
Lair:4:   layout_gridlike, nicolae_spider_entry_tight_spaces, special_room
          [special_room_mythical_zoo], basic_altar, minivault_25
Lair:5:   layout_regular_city, gammafunk_ghost_hydra_chop, st_stairs_4,
          grunt_megastairs_1
Lair:6:   cheibrodos_lair_end_hotspot, layout_misc_corridors, slime_dummy
Swamp:1:  layout_basic_swamp, nicolae_swamp_dense_foliage, swamp_pool4
Swamp:2:  layout_basic_swamp, evilmike_swamp_ruin_house_1
Swamp:3:  layout_basic_swamp, evilmike_swamp_ruin_house_3,
          infiniplex_staircase_pool, uniq_roxanne
Swamp:4:  grunt_swamp_rune_castle, layout_basic_swamp
Orc:1:    layout_caves, uniq_snorg, uniq_nergalle, uniq_maurice
Orc:2:    st_orc_town, layout_diamond_mine
Elf:1:    minmay_elf_arrival_plus, layout_loops_cross, ebering_ghost_xom,
          serial_shops, nicolae_shop_overgrown_old_shop, hangedman_elf_disciples
Elf:2:    layout_gridlike, basic_altar, glass_columns_a
Abyss:4:  base: Spider:2, hangedman_abyss_or_decor_lesser_grid,
          hangedman_abyss_river_spirits, nicolae_abyss_rune_star_stuff

Skill      XL: |  1  2  3  4  5  6  7  8  9 10 11 12 13 14 15 16 17 |
---------------+----------------------------------------------------+-----
Long Blades    | 4 5 6 7 8 9 11 12 13 14 | 14.0
Dodging        | 4 5 6 7 8 10 12 | 12.2
Armour         | 1 2 3 5 6 7 9 |  9.0
Fighting       | 3 4 5 7 8 9 10 11 | 11.7
Stealth        | 1 2 3 |  3.2
Throwing       | 4 5 7 |  7.0
Earth Magic    | 1 |  1.2
Spellcasting   | 1 2 4 10 | 10.0
Conjurations   | 3 6 9 11 | 11.3
Invocations    | 1 2 |  2.0
Evocations     | 1 2 |  2.3
Shields        | 1 2 6 12 14 | 14.2
Fire Magic     | 1 7 |  7.1
Air Magic      | 6 7 |  7.0

Action                   |  1- 3 |  4- 6 |  7- 9 | 10-12 | 13-15 | 16-18 || total
-------------------------+-------+-------+-------+-------+-------+-------++-------
Melee: Long sword        |    64 |   100 |   269 |   424 |       |       ||   857
       Peck              |    12 |    20 |    58 |   163 |   383 |   212 ||   848
       Kick              |    19 |    38 |   113 |   231 |   567 |   374 ||  1342
       Scimitar          |       |       |       |   276 |  1287 |   833 ||  2396
Throw: Dart              |       |       |    39 |    34 |     4 |       ||    77
       Boomerang         |       |       |    17 |    99 |    67 |       ||   183
       Throwing net      |       |       |     2 |     3 |       |       ||     5
       Stone             |       |       |       |     2 |       |       ||     2
       Javelin           |       |       |       |       |     8 |       ||     8
 Cast: Sandblast         |       |       |     3 |    11 |       |       ||    14
       Stone Arrow       |       |       |       |    53 |    67 |       ||   120
       Foxfire           |       |       |       |       |    92 |   129 ||   221
       Airstrike         |       |       |       |       |    17 |     5 ||    22
       Fireball          |       |       |       |       |    26 |    18 ||    44
       Sticky Flame      |       |       |       |       |    31 |    38 ||    69
       Lightning Bolt    |       |       |       |       |    35 |    46 ||    81
Invok: Lesser Healing    |       |       |     5 |    17 |     5 |     4 ||    31
       Greater Healing   |       |       |       |     6 |    17 |    14 ||    37
       Purification      |       |       |       |     1 |     2 |       ||     3
 Abil: Fly               |       |     1 |       |     1 |       |       ||     2
       Stop Flying       |       |       |       |     1 |       |       ||     1
       Evoke Berserk Rag |       |       |       |       |     1 |       ||     1
Evoke: Wand              |       |       |     3 |    22 |     7 |     1 ||    33
       Phantom mirror    |       |       |       |     1 |       |       ||     1
       Tin of tremorston |       |       |       |       |     3 |       ||     3
  Use: Scroll            |     1 |     3 |     6 |     8 |    22 |    10 ||    50
       Potion            |     1 |       |     2 |     4 |    11 |     1 ||    19
 Stab: Sleeping          |       |       |     1 |       |     5 |     2 ||     8
       Held in net/web   |       |       |       |     1 |       |       ||     1
       Paralysed         |       |       |       |       |     3 |       ||     3
       Distracted        |       |       |       |       |     1 |     1 ||     2
       Confused          |       |       |       |       |     1 |       ||     1
  Eat: Chunk             |     1 |     1 |     6 |    26 |    60 |    13 ||   107
       Ration            |       |     1 |     2 |     5 |     9 |    11 ||    28
Armor: Leather armour    |     3 |       |       |       |    91 |       ||    94
       Ring mail         |     8 |    36 |    57 |   102 |    54 |       ||   257
       Skin              |       |       |     4 |       |       |       ||     4
       Chain mail        |       |       |       |       |    16 |       ||    16
       Scale mail        |       |       |       |       |    11 |       ||    11
       Robe              |       |       |       |       |    76 |   183 ||   259
Dodge: Dodged            |    39 |    62 |   209 |   540 |   916 |   615 ||  2381
       Deflected         |       |       |       |     4 |    20 |       ||    24
Block: Buckler           |       |       |       |    19 |   183 |       ||   202
       Kite shield       |       |       |       |       |    45 |   441 ||   486
       Rpst.: Long sword |    11 |    19 |    54 |    83 |       |       ||   167
       Scimitar          |       |       |       |    61 |   222 |   100 ||   383

Table legend:
 A = Non-vault XP
 B = Vault XP
 C = Vault XP percentage of total XP
 D = Non-vault monster count
 E = Vault monster count
 F = Vault count percentage of total count
                 A         B        C        D         E       F
            +---------+---------+-------+---------+---------+-------
      Total |  145709 |   82031 |  36.0 |     685 |     338 |  33.0
            +---------+---------+-------+---------+---------+-------
        D:1 |      29 |       0 |   0.0 |      20 |       0 |   0.0
        D:2 |      11 |      30 |  73.2 |       7 |       9 |  56.2
        D:3 |     254 |      32 |  11.2 |      27 |       1 |   3.6
        D:4 |     269 |     368 |  57.8 |      13 |       2 |  13.3
        D:5 |     609 |     640 |  51.2 |      28 |       3 |   9.7
        D:6 |     637 |       0 |   0.0 |      19 |       0 |   0.0
        D:7 |    1551 |     400 |  20.5 |      32 |       5 |  13.5
        D:8 |     928 |    1089 |  54.0 |      38 |      14 |  26.9
        D:9 |    1499 |     782 |  34.3 |      45 |      28 |  38.4
       D:10 |    2500 |    3615 |  59.1 |      22 |       7 |  24.1
       D:11 |    2264 |       0 |   0.0 |      18 |       0 |   0.0
       D:12 |    5801 |    2977 |  33.9 |      35 |      51 |  59.3
       D:13 |    8378 |     478 |   5.4 |      28 |       1 |   3.4
       D:14 |    2660 |    8156 |  75.4 |       7 |      17 |  70.8
       D:15 |    8808 |    3267 |  27.1 |      23 |       7 |  23.3
     Lair:1 |    4717 |    1543 |  24.6 |      20 |       4 |  16.7
     Lair:2 |    2176 |    1933 |  47.0 |      14 |       6 |  30.0
     Lair:3 |     221 |    2534 |  92.0 |       2 |       9 |  81.8
     Lair:4 |    3188 |    7464 |  70.1 |      11 |      30 |  73.2
     Lair:5 |    6653 |     702 |   9.5 |      24 |       4 |  14.3
     Lair:6 |   10386 |    5441 |  34.4 |      33 |      23 |  41.1
    Swamp:1 |   10502 |       0 |   0.0 |      25 |       0 |   0.0
    Swamp:2 |    8597 |       0 |   0.0 |      20 |       0 |   0.0
    Swamp:3 |   10498 |     908 |   8.0 |      29 |       1 |   3.3
    Swamp:4 |   15903 |   14635 |  47.9 |      30 |      28 |  48.3
      Orc:1 |    2850 |       0 |   0.0 |      23 |       0 |   0.0
      Orc:2 |    5974 |    9099 |  60.4 |      45 |      53 |  54.1
      Elf:1 |   18390 |    6829 |  27.1 |      31 |      12 |  27.9
      Elf:2 |    6678 |    1799 |  21.2 |      11 |       2 |  15.4
    Abyss:4 |    2778 |    2893 |  51.0 |       5 |       8 |  61.5
      IceCv |       0 |     659 | 100.0 |       0 |       4 | 100.0
   Gauntlet |       0 |    3758 | 100.0 |       0 |       9 | 100.0
            +---------+---------+-------+---------+---------+-------
